 Dungeon Crawl Stone Soup version 0.21.1-1-g345015f (webtiles) character file.

161 letownia2 the Chiller (level 5, 0/24 HPs)
             Began as a Vine Stalker Ice Elementalist on Feb 24, 2018.
             Succumbed to an orc priest's poison
             ... on level 4 of the Dungeon.
             The game lasted 00:10:54 (946 turns).

letownia2 the Chiller (VSIE)                         Turns: 946, Time: 00:10:55

Health: 0/24       AC:  4    Str: 10    XL:     5   Next: 42%
Magic:  0/9        EV: 11    Int: 16    God:
Gold:   81         SH:  0    Dex: 15    Spells: 4/8 levels left

rFire    . . .     SeeInvis .   (no weapon)
rCold    + . .     Gourm    .   (no shield)
rNeg     . . .     Faith    .   i - +0 leather armour
rPois    .         Spirit   +   (no helmet)
rElec    .         Reflect  .   (no cloak)
rCorr    .         Harm     .   (no gloves)
MR       .....                  q - +0 pair of boots
Stlth    ++........             (no amulet)
HPRegen  0.48/turn              j - ring of protection from cold
MPRegen  0.11/turn              (no ring)

@: lethally poisoned (0 -> -1)
A: fangs 2, regeneration 1, magic shield, antimagic bite, no potion heal 3, rot
immunity
a: no special abilities


You were on level 4 of the Dungeon.
You were not hungry.

You visited 1 branch of the dungeon, and saw 5 of its levels.

You collected 81 gold pieces.

Inventory:

Hand Weapons
 f - a cursed -2 hunting sling
Missiles
 g - 8 curare-tipped needles
Armour
 a - a +0 robe
 i - a +0 leather armour (worn)
 l - a +0 leather armour
 q - a +0 pair of boots (worn)
Jewellery
 j - a ring of protection from cold (left hand)
Scrolls
 e - a scroll of teleportation {unknown}
 h - a scroll of noise {unknown}
 k - a scroll of remove curse {unknown}
 m - 2 scrolls of identify {unknown}
Potions
 d - a potion of mutation {unknown}
 n - 2 potions of heal wounds {unknown}
 o - a potion of agility {unknown}
 p - a potion of haste {unknown}
Books
 b - a book of Frost

   Spells                             Type                      Level
   a - Freeze                         Ice                          1
   b - Throw Frost                    Conjuration/Ice              2
   c - Ozocubu's Armour               Charms/Ice                   3
   d - Throw Icicle                   Conjuration/Ice              4
   e - Summon Ice Beast               Ice/Summoning                4
Comestibles
 c - 5 rations
 r - 2 chunks of flesh


   Skills:
 - Level 1.5 Dodging
 - Level 2.4 Stealth
 - Level 2.1 Spellcasting
   Level 1.0 Conjurations
 - Level 2.0 Charms
 + Level 5.4 Ice Magic


You had 4 spell levels left.
You knew the following spells:

 Your Spells              Type           Power        Failure   Level  Hunger
a - Freeze                Ice            ###.         3%          1    #......
o - Ozocubu's Armour      Chrm/Ice       ##......     19%         3    ###....


Dungeon Overview and Level Annotations

Branches:
Dungeon (5/15)
 Temple: D:4-7

Altars:
Dithmenos
Wu Jian

Annotations:
D:5 Quirk's ghost, novice TrFi


Innate Abilities, Weirdness & Mutations

You have extremely sharp teeth.
Your natural rate of healing is unusually fast.
When hurt, damage is shared between your health and your magic reserves.
Your bite disrupts and absorbs the magic of your enemies.
Potions cannot restore your health.
You are immune to rotting.


Message History

* * * LOW HITPOINT WARNING * * *
The orc priest misses you. The orc barely misses you.
The leopard gecko skeleton bites you.
Okay, then.
You're too confused!
Unknown command.
You hit the orc priest. Your bite misses the orc priest.
The orc priest is lightly wounded.
You feel less confused.
The orc wizard gestures wildly while chanting.
The orc wizard flickers and vanishes!
Deactivating autopickup; reactivate with Ctrl-A.
The orc priest hits you with a flail of venom.
* * * LOW HITPOINT WARNING * * *
You are lethally poisoned!
The leopard gecko skeleton closely misses you.
The orc closely misses you.
You hit the orc priest but do no damage.
The orc priest is lightly wounded.
You die...

.....####....#'### #####.§§§§.§
#................#'###....§.§.§..
#................#...'........_..
#................#...#......§§...
#................##..#...#§§§§.§§
###'#######'##....##'#...##§§§.§§
.....#.......#.o..#..#...###§§.§§
.....#......>'.{oo#..#...####...#
.....#.......#.Z@.#..#....#......
.....#.......#.o..#..#....#######
.....#.......#....#..#.......%..#
#...#######..#....#'##..........#
#...###..##..##.................#
......#.......#.................#
......'.......#.......###########
......#.......(.......#
......#.......#.......#


You could see 2 orc priests, 2 orcs and a leopard gecko skeleton.

Vanquished Creatures
  5 worker ants
  2 adders (D:2)
  2 orcs
  A goblin (D:2)
  5 hobgoblins
  4 jackals (D:4)
  2 kobolds (D:2)
  A quokka (D:2)
  A bat (D:2)
  2 frilled lizards
25 creatures vanquished.

Notes
Turn   | Place    | Note
-------+----------+-------------------------------------------
     0 | D:1      | letownia2 the Vine Stalker Ice Elementalist began the quest for the Orb.
     0 | D:1      | Reached XP level 1. HP: 9/9 MP: 4/4
   123 | D:2      | Reached XP level 2. HP: 11/13 MP: 1/6
   242 | D:2      | Reached skill level 4 in Ice Magic
   294 | D:2      | Reached XP level 3. HP: 2/16 MP: 0/7
   299 | D:2      | Learned a level 3 spell: Ozocubu's Armour
   397 | D:3      | Found an ornate altar of the Wu Jian Council.
   495 | D:4      | Reached skill level 1 in Charms
   495 | D:4      | Gained mutation: Your natural rate of healing is unusually fast. [Vine Stalker growth]
   495 | D:4      | Reached XP level 4. HP: 9/21 MP: 3/8
   540 | D:5      | Entered Level 5 of the Dungeon
   652 | D:4      | Noticed a phantom
   723 | D:5      | Reached skill level 5 in Ice Magic
   723 | D:5      | Reached XP level 5. HP: 23/24 MP: 3/9
   733 | D:5      | Noticed Quirk's ghost (novice TrFi)
   892 | D:4      | Found a shadowy altar of Dithmenos.
   945 | D:4      | HP: 1/24 [orc priest/flail of venom (3)]
   946 | D:4      | Succumbed to an orc priest's poison

Skill      XL: |  1  2  3  4 |
---------------+-------------+-----
Ice Magic      | 4 5 |  5.4
Charms         | 1 2 |  2.0
Dodging        | |  1.5
Stealth        | |  2.4
Spellcasting   | |  2.1
Conjurations   | |  1.0

Action                   |  1- 3 |  4- 6 || total
-------------------------+-------+-------++-------
Melee: Unarmed           |     2 |     2 ||     4
 Cast: Freeze            |    28 |    27 ||    55
  Eat: Chunk             |       |     1 ||     1
Armor: Robe              |     3 |       ||     3
       Leather armour    |     2 |     7 ||     9
Dodge: Dodged            |    12 |    24 ||    36
